Unix NetHack Version 5.0.0-0 post-release - last build May  4 2026 22:22:43 (774f63e81ad911689b3a0859ea89b322d5daca8d,branch:main).

Game began 2026-05-09 17:47:26, ended 2026-05-10 22:09:54.

Kewl, lawful female dwarven Valkyrie

                              -------
                          -----..|..|
                          |.........----------------
                          |...|...-..^......g@.....|
                          |.---.-...%.------------||
                          |........|.--  |........%|
                          |.----..--.|   |.........|
                          |.).....|..|   |.........|
                          |.`.....`.-|   |....`....|
                          |..|...|`..|   |..%.<....|
                          |.`-----.-.|   |.....%...|
                          |..........|   |.........|
                          --.>--------   |.........|
                           ----          -----------

Kewl the Fighter            St:17 Dx:14 Co:18 In:9 Wi:11 Ch:7  Lawful
Dlvl:5  $:759 HP:0(77) Pw:15(15) AC:6  Xp:8 T:9157 

Latest messages:
 You see here a long sword.
 You descend the stairs.
 Click!  You trigger a rolling boulder trap!
 No boulder was released.
 The owlbear hits!
 The owlbear hits again!
 You hit the owlbear!
 The owlbear hits!
 The owlbear hits again!
 You hit the owlbear!
 You hit the owlbear!
 The owlbear turns to flee.
 You descend the stairs.
 You see here a slime mold.
 The wood nymph charms you.  You gladly hand over your helm.
 She stole an uncursed +0 dented pot.
 A mysterious force prevents the wood nymph from teleporting!
 You hit the wood nymph!
 You hit the wood nymph!
 What do you want to throw? [$ or ?*] ?
 Never mind.
 You kill the wood nymph!
 There are several objects here.
 K - an uncursed +0 dented pot.
 p - a clove of garlic.
 q - an orange.
 Z - a tin.
 s - a milky potion.
 There is a wood nymph corpse here; eat it? [ynq] (n) n
 What do you want to eat? [gkp-rDINVZ or ?*] ?
 It is not so easy to open this tin.
 You stop opening the tin.
 Pick a monster, object or location.
 What do you want to zap? [tR or ?*] <esc>
 Never mind.
 What do you want to throw? [$ or ?*] ?
 What do you want to throw? [$ or ?*] <esc>
 Never mind.
 You miss the gargoyle.
 You miss the gargoyle.
 The gargoyle hits!
 The gargoyle hits again!
 The gargoyle bites!
 You miss the gargoyle.
 The gargoyle hits!
 The gargoyle hits again!
 The gargoyle bites!
 You die...
 Do you want your possessions identified? [ynq] (y) y
 Do you want to see your attributes? [ynq] (y) q

Inventory:
 Coins    ('$')
  $ - 759 gold pieces
 Weapons  (')')
  a - a corroded +3 dwarvish spear (weapon in right hand)
 Armor    ('[')
  K - an uncursed +0 dented pot
  M - an uncursed rotted +0 pair of leather gloves (being worn)
  b - a blessed +2 pair of elven boots
  c - an uncursed +3 small shield (being worn)
  O - an uncursed +0 studded leather armor
 Comestibles  ('%')
  p - an uncursed clove of garlic
  V - 2 uncursed cram rations
  I - an uncursed lembas wafer
  q - an uncursed orange
  r - 3 uncursed tripe rations
  Z - an uncursed homemade tin of giant beetle meat
  D - an uncursed homemade tin of lizard meat
  g - 3 uncursed homemade tins of rothe meat
  N - an uncursed egg
  k - an uncursed gecko corpse
 Scrolls  ('?')
  m - 3 uncursed scrolls of confuse monster
  Y - an uncursed scroll of create monster
  T - an uncursed scroll of light
  H - a blessed scroll of teleportation
  P - 2 uncursed scrolls of teleportation
 Potions  ('!')
  e - 5 uncursed potions of extra healing
  h - 3 uncursed potions of healing
  w - an uncursed potion of invisibility
  s - a cursed potion of object detection
  v - an uncursed potion of see invisible
  y - 2 uncursed potions of speed
 Rings    ('=')
  o - a cursed -1 ring of gain strength
  x - an uncursed ring of protection from shape changers (on right hand)
 Wands    ('/')
  t - a wand of cold (0:5)
  R - a wand of nothing (0:11)
 Tools    ('(')
  d - an uncursed lock pick
  B - an uncursed skeleton key
  L - a tinning kit (0:35)
  n - a +0 unicorn horn
 Gems/Stones  ('*')
  G - 2 uncursed garnet stones
  z - an uncursed jasper stone

Kewl the Valkyrie's attributes:

Background:
 You were a Fighter, a level 8 dwarven Valkyrie.
 You were lawful, on a mission for Tyr
 who was opposed by Odin (neutral) and Loki (chaotic).
 You were right-handed.
 You were in Sokoban, on level 5.
 You entered the dungeon 9157 turns ago.
 It was nighttime.
 You had 1748 experience points, 812 more were needed to attain level 9.

Basics:
 You had 0 out of 77 hit points.
 You had all 15 energy points (spell power).
 Your armor class was 6.
 Your wallet contained 759 zorkmids.
 Autopickup was off.

Final Characteristics:
 Your strength was 17 (limit:18/100).
 Your dexterity was 14 (limit:20).
 Your constitution was 18 (limit:20).
 Your intelligence was 9 (limit:16).
 Your wisdom was 11 (limit:16).
 Your charisma was 7 (limit:16).

Final Status:
 You weren't hungry.
 You were unencumbered.
 You were wielding a spear.
 You had expert skill with spear.

Final Attributes:
 You were piously aligned.
 You were cold resistant.
 You were sleep resistant.
 You were poison resistant.
 You were telepathic.
 You had infravision.
 You were stealthy.
 You were protected from shape changers.
 You were fast.
 You are dead.

Miscellaneous:
 You didn't encounter any bones levels.
 Total elapsed playing time was 2 hours, 45 minutes and 27 seconds.

Major events:
 Turn
    1: Kewl the lawful dwarven Valkyrie entered the dungeon
  707: entered the Gnomish Mines
  921: attained the rank of Skirmisher (level 3)
 2077: reached Mine Town
 3628: attained the rank of Fighter (level 6)
 6601: entered Sokoban
 6893: completed 1st Sokoban level
 7594: completed 2nd Sokoban level
 8054: completed 3rd Sokoban level
 9003: completed 4th Sokoban level
 9157: killed by a gargoyle

You didn't know any spells.

Skills:
 Fighting Skills
   bare handed combat [Unskilled]
   two weapon combat  [Unskilled]
   riding             [Unskilled]
 Weapon Skills
   dagger             [Basic]
   axe                [Unskilled]
   pick-axe           [Unskilled]
   short sword        [Unskilled]
   broadsword         [Unskilled]
   long sword         [Unskilled]
   two-handed sword   [Unskilled]
   saber              [Unskilled]
   hammer             [Unskilled]
   quarterstaff       [Unskilled]
   polearms           [Unskilled]
   spear              [Expert]
   trident            [Unskilled]
   lance              [Unskilled]
   sling              [Unskilled]
 Spellcasting Skills
   attack spells      [Unskilled]
   escape spells      [Unskilled]

Voluntary challenges:
 Character rerolling was not enabled.
 You never genocided any monsters.
 You never polymorphed an object.
 You used no wishes.
 You did not violate any of the special Sokoban rules.
Achievements:
 You entered the Gnomish Mines.
 You attained the rank of Skirmisher.
 You entered Minetown.
 You entered a shop.
 You entered a temple.
 You attained the rank of Fighter.
 You entered Sokoban.

 The Dungeons of Doom: levels 1 to 7
    Level 1:
    Level 2:
       Stairs down to The Gnomish Mines.
    Level 3:
    Level 4:
       A sink.
    Level 5: "spellbooks"
       A general store, a sink.
    Level 6:
       Many fountains.
       Oracle of Delphi.
    Level 7: "you sense something below your feet"
       An armor shop, a fountain, a grave.
       Stairs up to Sokoban, level 6.
 The Gnomish Mines: levels 3 to 7
    Level 3:
    Level 4:
    Level 5:
    Level 6:
       Many shops, a temple and an altar, many fountains.
    Level 7:
 Sokoban: levels 6 up to 3
    Level 3:
       Solved.
    Level 4:
       Solved.
    Level 5: <- You were here.
       Solved.
       Final resting place for
          you, killed by a gargoyle.
    Level 6:
       Solved.


Vanquished creatures:
  2 giant mimics
  2 small mimics
  a glass piercer
  2 trolls
  a tiger
  a leocrotta
  a wraith
  2 watchmen
  a chameleon
  2 giant beetles
  a cockatrice
  a gremlin
  a scorpion
 an orc mummy
  a brown pudding
  a lizard
  a housecat
  a blue jelly
  a gray unicorn
  a black unicorn
  a snake
  4 fire ants
  a bugbear
  2 wood nymphs
  a mountain nymph
 an orc shaman
  a rock piercer
  3 rock moles
  a pony
  a fog cloud
  3 yellow lights
  a violet fungus
  6 gnome leaders
  a gnomish wizard
  a golden naga hatchling
  2 paper golems
  2 giant ants
  a little dog
  4 floating eyes
  2 homunculi
  4 hill orcs
  4 rothes
  a centipede
  a giant bat
  a monkey
 an orc zombie
  4 dwarf zombies
  a wererat
  3 werejackals
  3 iguanas
  4 killer bees
  3 acid blobs
  2 hobbits
  a large kobold
  2 hobgoblins
  3 giant rats
  3 cave spiders
  2 brown molds
  a green mold
  a red mold
 30 gnomes
  a garter snake
  3 geckos
 10 jackals
  2 foxes
  2 kobolds
  3 goblins
  a sewer rat
  5 grid bugs
  9 lichens
  2 kobold zombies
  9 newts
186 creatures vanquished.

No species were genocided or became extinct.

Game over:
                       ----------
                      /          \
                     /    REST    \
                    /      IN      \
                   /     PEACE      \
                  /                  \
                  |       Kewl       |
                  |      759 Au      |
                  |   killed by a    |
                  |     gargoyle     |
                  |                  |
                  |                  |
                  |       2026       |
                 *|     *  *  *      | *
        _________)/\\_//(\/(/\)/\//\/|_)_______

Farvel Kewl the Valkyrie...

You died in Sokoban on dungeon level 5 with 9206 points,
and 759 pieces of gold, after 9157 moves.
You were level 8 with a maximum of 77 hit points when you died.

